Cogmind - Beta 14 @@@ ROGUE MODE // 2024.08.23 @ 12:57:12 Player: Andru7428 Result: Destroyed by B-75 Beast with Magnetic Acceleration Cannon Performance ------------- Evolutions (1) 500 Regions Visited (5) 1000 Robots Destroyed (82) 410 Value Destroyed (2207) 2207 Prototype IDs (8) 160 Alien Tech Used (0) 0 Bonus (312) 312 TOTAL SCORE: 4589 Bonus ------- High Alert Combat Kills 68 Follower Combat Kills 301 Entered Garrisons 200 Friendly Fire -257 Cogmind --------- Core Integrity 0/400 Matter 285/300 Energy 100/100 System Corruption 0% Temperature Warning (342) Movement Rolling (105) Ox1 Location -9/Garrison Parts ------- > --- POWER (1) -------- (None) > --- PROPULSION (2) --- Armored Wheel Armored Wheel > --- UTILITY (4) ------ Large Storage Unit > --- WEAPON (2) ------- Powered Hammer Katana > --- INVENTORY (15) --- Light Angular Momentum Engine Compact Matter Pod (150) Light Armor Plating High-powered Tractor Beam Improved EM Shotgun Improved Assault Rifle Flak Cannon Flak Cannon Flak Cannon Flak Cannon Grenade Launcher Plasma Cutter Peak State ------------ > --- POWER ------------ Cooled Ion Engine > --- PROPULSION ------- Light Treads Improved Treads > --- UTILITY ---------- Large Storage Unit Seismic Detector Light Armor Plating Light Armor Plating > --- WEAPON ----------- Improved Lightning Gun Improved Assault Rifle > --- INVENTORY -------- Light Angular Momentum Engine Light Treads Armored Wheel Armored Wheel Compact Matter Pod Light Armor Plating High-powered Tractor Beam Improved EM Shotgun Flak Cannon Flak Cannon Flak Cannon Flak Cannon Grenade Launcher Plasma Cutter Mace [Rating: 22] Favorites ----------- Power Ion Engine Engine Ion Engine Propulsion Light Treads Treads Light Treads Wheel Armored Wheel Utility Light Armor Plating Device Seismic Detector Storage Medium Storage Unit Protection Light Armor Plating Weapon Shotgun Energy Gun Small Laser Ballistic Gun Shotgun Launcher Grenade Launcher Impact Weapon Mace Slashing Weapon Katana Build | -11 -10 -10 -9 -9 -9 ------- Run | Yrd Mat Min Mat Sto Gar Slots Evolved 2 | . . . 2 . . Power . | . . . . . . Propulsion . | . . . . . . Utility 2 | . . . 2 . . Weapon . | . . . . . . Parts Attached 78 | 8 10 7 19 29 5 Power 3 | 1 1 . 1 . . Engine 3 | 1 1 . 1 . . Core . | . . . . . . Reactor . | . . . . . . Propulsion 22 | 2 3 2 7 5 3 Treads 20 | 2 3 2 7 5 1 Leg . | . . . . . . Wheel 2 | . . . . . 2 Hover . | . . . . . . Flight . | . . . . . . Utility 18 | 2 2 3 7 4 . Device 3 | 1 . 1 1 . . Storage 3 | 1 1 . 1 . . Processor . | . . . . . . Hackware . | . . . . . . Protection 12 | . 1 2 5 4 . Artifact . | . . . . . . Weapon 35 | 3 4 2 4 20 2 Energy Gun 4 | 1 . . . 3 . Energy Cannon . | . . . . . . Ballistic Gun 20 | 2 3 1 4 10 . Ballistic Cannon . | . . . . . . Launcher 4 | . 1 1 . 2 . Special Weapon . | . . . . . . Impact Weapon 6 | . . . . 5 1 Slashing Weapon 1 | . . . . . 1 Piercing Weapon . | . . . . . . Special Melee Weapon . | . . . . . . Unidentified Prototypes 4 | . . . 1 3 . Parts Lost 10 | . 1 1 1 . 7 Power 2 | . 1 . . . 1 Propulsion 3 | . . . . . 3 Utility 4 | . . 1 . . 3 Weapon 1 | . . . 1 . . Highest Loss Streak 7 | . 1 1 1 . 7 To Critical Strikes . | . . . . . . Average Slot Usage (%) 97 | . 92 99 99 99 94 Engine 12 | . 13 14 11 11 11 Treads 24 | . 27 27 21 22 22 Device 6 | . 1 . 10 11 9 Storage 12 | . 14 14 11 11 11 Protection 16 | . 6 13 21 22 18 Ballistic Gun 22 | . 26 25 21 19 16 Peak Build Rating 22 | 7 10 10 18 22 20 Average Rating 13 | 5 9 9 15 18 18 On Entrance 10 | . 7 10 10 18 20 Naked Turns . | . . . . . . Heaviest Build 43 | 11 24 24 43 43 43 Greatest Support 43 | 40 40 40 43 43 43 Greatest Overweight (x) 1 | . . . 1 . 1 Average Overweight (x) . | . . . . . . Largest Inventory Capacity 15 | 8 10 10 15 15 15 Average Capacity 11 | 7 9 10 10 15 15 Most Carried 15 | 6 10 10 13 15 15 Average Carried 10 | 5 8 9 10 14 14 Final Capacity 15 | 8 10 10 15 15 15 Final Carried 15 | 6 10 10 13 15 12 Class Distribution -------------------- 84% | Mutant 10% | Scavenger-Mutant 5% | Commander-Mutant Dominant Class ---------------- Mutant | -10/Materials Mutant | -10/Mines Mutant | -9/Materials Mutant | -9/Storage Commander-Mutant | -9/Garrison Resources | -11 -10 -10 -9 -9 -9 ----------- Run | Yrd Mat Min Mat Sto Gar Matter Collected 2333 | 239 373 459 544 713 5 Remotely . | . . . . . . Salvage Created 2563 | 68 410 59 880 1146 . Parts 194 | 13 37 5 64 75 . Haulers Intercepted 4 | . 2 . 1 1 . Recyclers Shooed 1 | . . . 1 . . Parts Field Recycled . | . . . . . . Retrieved Matter . | . . . . . . Parts Self-Destructed . | . . . . . . Prevented . | . . . . . . Kills | -11 -10 -10 -9 -9 -9 ------- Run | Yrd Mat Min Mat Sto Gar Combat Hostiles Destroyed 72 | . 13 11 20 28 . Guns 57 | . 10 4 20 23 . AOE 15 | . 3 7 . 5 . Classes Destroyed 11 | 1 4 2 2 2 . Worker 1 | . . 1 . . . Builder 2 | . . . 1 1 . Tunneler 6 | 5 . 1 . . . Hauler 4 | . 2 . 1 1 . Watcher 4 | . 1 . 2 1 . Swarmer 15 | . 6 3 3 3 . Grunt 32 | . 7 . 10 15 . Duelist 2 | . . . . 2 . Protector 2 | . . . . 2 . Sentry 13 | . . . 7 6 . Assembled 8 | . . 8 . . . Thug 1 | . . . . 1 . Best Kill Streak 8 | 2 3 8 5 6 . Combat Bots Only 7 | . 3 7 5 6 . Max Kills in Single Turn 3 | 1 3 2 1 3 . Gunslinging . | . . . . . . Exploded 3 | . 3 2 . 2 . Melee . | . . . . . . Uniques/NPCs Destroyed . | . . . . . . Combat | -11 -10 -10 -9 -9 -9 -------- Run | Yrd Mat Min Mat Sto Gar Hostile Shots Fired 214 | . 29 30 60 60 35 Missed 49 | . 4 13 14 14 4 Damage Taken 2742 | . 285 358 594 590 915 Core 527 | . 48 64 148 122 145 Absorbed by Shields . | . . . . . . Core Remaining (%) 77 | 100 . 55 . . . Volleys Fired 169 | 9 34 21 50 55 . Largest 2 | 2 2 2 2 2 . Hottest 60 | 60 60 46 46 46 . Shots Fired 316 | 18 67 30 100 101 . Gun 294 | 18 66 18 100 92 . Cannon . | . . . . . . Launcher 22 | . 1 12 . 9 . Special . | . . . . . . Kinetic 276 | 9 57 18 100 92 . Thermal 18 | 9 9 . . . . Explosive 22 | . 1 12 . 9 . Electromagnetic . | . . . . . . Robot Hit Streak 20 | 11 13 6 12 20 . Robot Miss Streak 5 | 1 3 4 5 3 . Penetration Max . | . . . . . . Secondary Targets 4 | . . 1 2 1 . Max Gunslinging Chain 1 | . . 1 1 1 . Shots Hit Robots 235 | 13 49 16 81 74 2 Core Hits 164 | 6 28 21 51 58 . Critical Kills . | . . . . . . Critical Parts Destroyed 2 | . 1 . . . 1 Critical Strikes 2 | . 1 . . . 1 Destroy 1 | . 1 . . . . Smash 1 | . . . . . 1 Melee Attacks 18 | . . . . 12 6 Impact 13 | . . . . 12 1 Slashing 5 | . . . . . 5 Piercing . | . . . . . . Sneak Attacks . | . . . . . . Combat Hostiles . | . . . . . . Follow-up Attacks . | . . . . . . Damage Inflicted 5128 | 120 852 698 1293 2096 69 Guns 3389 | 120 719 130 1258 1162 . Cannons . | . . . . . . Explosions 1629 | . 133 562 . 934 . Melee 69 | . . . . . 69 Ramming 41 | . . 6 35 . . Kinetic 3235 | 44 641 130 1258 1162 . Thermal 154 | 76 78 . . . . Explosive 1629 | . 133 562 . 934 . Electromagnetic . | . . . . . . Impact 42 | . . . . . 42 Slashing 27 | . . . . . 27 Piercing . | . . . . . . Highest Corruption 2 | . 2 2 . . . Average Corruption 2 | . 2 2 . . . Corruption Purged . | . . . . . . Corruption Blocked . | . . . . . . Effects 26 | . 7 19 . . . Message Errors 5 | . 1 4 . . . Matter Fused 4 | . 1 3 . . . Heat Flow Errors 7 | . 1 6 . . . Energy Discharges 4 | . 2 2 . . . Data Loss (minor) 3 | . 2 1 . . . Data Loss (major) 2 | . . 2 . . . Alerts 1 | . . 1 . . . Overload Shots . | . . . . . . Overflow Damage 85 | . . 17 . 26 42 Projectiles . | . . . . . . Explosions 43 | . . 17 . 26 . Melee 42 | . . . . . 42 Knockbacks . | . . . . . . Impact . | . . . . . . Kinetic . | . . . . . . Secondary . | . . . . . . Self-Inflicted Damage 134 | . . 127 . 7 . Shots 6 | . . 4 . 2 . Rammed 10 | . . 2 8 . . Targets Rammed 11 | . . 3 8 . . Kicked . | . . . . . . Crushed 1 | . . 1 . . . Highest Temperature 285 | 20 239 285 27 41 . Average Temperature 52 | 15 57 124 10 13 . Received Heat Transfer 1143 | . 165 . 252 264 462 Siege Activations . | . . . . . . Robots Corrupted . | . . . . . . Combat Hostiles . | . . . . . . Parts Fried . | . . . . . . Impact Corruptions 1 | . . . . . 1 Robots Melted . | . . . . . . Combat Hostiles . | . . . . . . Parts Melted 1 | . 1 . . . . Heat Transferred 350 | 175 175 . . . . Parts Sabotaged . | . . . . . . Parts Stolen . | . . . . . . Parts Stripped . | . . . . . . Power Chain Reactions . | . . . . . . Alert | -11 -10 -10 -9 -9 -9 ------- Run | Yrd Mat Min Mat Sto Gar Peak Influence 575 | 25 284 60 246 575 322 Initial 317 | . 16 16 17 16 317 Average 117 | 7 72 22 80 340 298 Maximum Alert Level 2 | . 1 . 1 2 1 Low Security (%) 80 | 100 89 100 97 15 . Level 1 14 | . 10 . 2 56 100 Level 2 5 | . . . . 28 . Level 3 . | . . . . . . Level 4 . | . . . . . . Level 5 . | . . . . . . High Security . | . . . . . . Max Security . | . . . . . . Squads Dispatched 12 | . 2 . 4 6 . Investigation 1 | . . . . 1 . Extermination . | . . . . . . Reinforcement 8 | . 2 . 4 2 . Assault 2 | . . . . 2 . Garrison 1 | . . . . 1 . Intercept . | . . . . . . Searches Triggered . | . . . . . . Construction Impeded 1 | . . . 1 . . Haulers Reinforced . | . . . . . . Active Scanning Responses . | . . . . . . Cargo Convoy Interrupts . | . . . . . . Stealth | -11 -10 -10 -9 -9 -9 --------- Run | Yrd Mat Min Mat Sto Gar Distress Signals 7 | . 3 . 1 3 . Communications Jammed . | . . . . . . Distress Signals . | . . . . . . Times Spotted 124 | . 25 13 40 44 2 Peak Tracking Total 9 | . 4 4 5 9 2 Tactical Retreats 10 | . 3 1 1 5 . Traps | -11 -10 -10 -9 -9 -9 ------- Run | Yrd Mat Min Mat Sto Gar Traps Triggered 4 | . 2 . 2 . . Indirectly . | . . . . . . Trap Hack Attempts . | . . . . . . Triggered . | . . . . . . Disarmed . | . . . . . . Reprogrammed . | . . . . . . Reused . | . . . . . . Traps Extracted . | . . . . . . Installed . | . . . . . . Triggered . | . . . . . . Machines | -11 -10 -10 -9 -9 -9 ---------- Run | Yrd Mat Min Mat Sto Gar Machines Disabled 5 | . 1 . . 4 . Max in Single Turn 1 | . 1 . . 1 . Machines Repaired . | . . . . . . Machines Dismantled . | . . . . . . Machines Sabotaged . | . . . . . . Overloaded Fab Kills . | . . . . . . Hacking | -11 -10 -10 -9 -9 -9 --------- Run | Yrd Mat Min Mat Sto Gar Machines Accessed 24 | . 7 1 8 8 . Terminals 22 | . 7 1 7 7 . Fabricators . | . . . . . . Repair Stations . | . . . . . . Recycling Units 1 | . . . 1 . . Scanalyzers . | . . . . . . Garrison Access 1 | . . . . 1 . Total Hacks 79 | . 30 3 22 24 . Successful 38 | . 15 1 11 11 . Failed 40 | . 14 2 11 13 . Catastrophic 13 | . 6 . 3 4 . Database Lockouts 1 | . 1 . . . . Manual 48 | . 21 3 12 12 . Terminals 77 | . 30 3 21 23 . Fabricators . | . . . . . . Repair Stations . | . . . . . . Recycling Units 1 | . . . 1 . . Scanalyzers . | . . . . . . Garrison Access 1 | . . . . 1 . Terminal Hacks 23 | . 10 1 6 6 . Robot Analysis 2 | . 1 . 1 . . Prototype ID Bank 3 | . 3 . . . . Open Door 2 | . . . . 2 . Alert Level 1 | . . . 1 . . Unreport Threat 6 | . 1 1 1 3 . Locate Traps 5 | . 2 . 2 1 . Dispatch Records 1 | . 1 . . . . Recall Reinforcements 1 | . 1 . . . . Hauler Manifests 1 | . . . 1 . . Registered Components 1 | . 1 . . . . Fabricator Hacks . | . . . . . . Repair Station Hacks . | . . . . . . Recycling Unit Hacks . | . . . . . . Scanalyzer . | . . . . . . Garrison Access Hacks 1 | . . . . 1 . Unlock Access 1 | . . . . 1 . Unauthorized Hacks 14 | . 5 . 5 4 . Terminals 14 | . 5 . 5 4 . Botnet 12 | . 3 . 5 4 . Operators 2 | . 2 . . . . Fabricators . | . . . . . . Repair Stations . | . . . . . . Recycling Units . | . . . . . . Scanalyzers . | . . . . . . Garrison Access . | . . . . . . Data Cores Recovered . | . . . . . . Used . | . . . . . . Hacking Detections 22 | . 7 1 8 6 . Full Trace Events 1 | . . . . 1 . Feedback Events . | . . . . . . Feedback Blocked . | . . . . . . Robot Schematics Acquired . | . . . . . . Robots Built . | . . . . . . Authchips . | . . . . . . Time . | . . . . . . Total Robot Build Rating . | . . . . . . Part Schematics Acquired . | . . . . . . Parts Built . | . . . . . . Authchips . | . . . . . . Time . | . . . . . . Total Part Build Rating . | . . . . . . Parts Repaired . | . . . . . . Time . | . . . . . . Parts Recycled . | . . . . . . Recycled Matter . | . . . . . . Retrieved Matter . | . . . . . . Retrieved Components . | . . . . . . Parts Scanalyzed . | . . . . . . Part Schematics Acquired . | . . . . . . Parts Damaged . | . . . . . . Bothacking | -11 -10 -10 -9 -9 -9 ------------ Run | Yrd Mat Min Mat Sto Gar Used RIF Installer . | . . . . . . Robots Hacked . | . . . . . . Non-combat . | . . . . . . Combat . | . . . . . . Robot Hacks Applied . | . . . . . . Relay Couplers Released . | . . . . . . Fabnet Peak Effective % . | . . . . . . Robots Rewired . | . . . . . . Allies Hacked . | . . . . . . Hacks Repelled . | . . . . . . Allies | -11 -10 -10 -9 -9 -9 -------- Run | Yrd Mat Min Mat Sto Gar Total Allies 15 | . . 3 . 12 . Largest Group 10 | . . 3 1 10 10 Highest-Rated Group 88 | . . 40 16 88 88 Highest-Rated Ally 31 | . . 16 16 31 16 Total Orders . | . . . . . . Ally Attacks 97 | . . 23 11 38 25 Total Damage 1089 | . . 229 125 490 245 Kills 12 | . . 3 1 8 . Allies Corrupted . | . . . . . . Allies Melted 1 | . . . . . 1 Intel | -11 -10 -10 -9 -9 -9 ------- Run | Yrd Mat Min Mat Sto Gar Robot Analysis Total 2 | . 1 . 1 . . Derelict Logs Recovered 1 | . . 1 . . . Drone Launches . | . . . . . . Drone Recoveries . | . . . . . . Exploration | -11 -10 -10 -9 -9 -9 ------------- Run | Yrd Mat Min Mat Sto Gar Turns Passed 5887 | 222 1088 1107 2289 1122 59 Spaces Moved 3046 | 116 576 631 1219 480 24 Core 6 | 6 . . . . . Treads 3039 | 110 576 631 1219 480 23 Legs . | . . . . . . Wheels 1 | . . . . . 1 Hover . | . . . . . . Flight . | . . . . . . Fastest Speed 50 | 50 160 160 160 160 105 Average Speed 159 | 154 160 160 160 160 157 Slowest Speed 240 | 160 160 160 240 160 160 Overloaded Moves . | . . . . . . Propulsion Burnouts . | . . . . . . Robots Hopped . | . . . . . . Cave-ins Triggered . | . . . . . . Exploration Rate (%) 58 | 5 93 96 76 72 10 Regions Visited 5 Branch Regions 2 Pre-discovered Areas 1 | . . . . 1 . Known Exits Taken 2 | . . . 1 1 . Unknown Exits Taken 3 | 1 1 1 . . . Scrap Searched 3 | . . 3 . . . Spaces Dug 40 | . . . . 38 2 Terrain Destroyed 111 | . 2 65 . 42 2 Melee 11 | . . . . 9 2 Projectile . | . . . . . . AOE 100 | . 2 65 . 33 . Terrain Rammed . | . . . . . . Walls Destroyed . | . . . . . . Machines Disabled . | . . . . . . Actions | -11 -10 -10 -9 -9 -9 --------- Run | Yrd Mat Min Mat Sto Gar Total 3720 | 139 679 698 1456 713 35 Wait 319 | 1 40 30 132 116 . Move 3041 | 115 575 630 1218 479 24 Hop . | . . . . . . Pick Up 35 | 6 9 3 12 5 . Fast Attach 25 | 7 5 2 6 5 . Attach 8 | . 1 2 2 . 3 Detach 2 | . 2 . . . . Swap 45 | 1 4 3 11 24 2 Drop 47 | . 9 4 17 17 . Fire 169 | 9 34 21 50 55 . Melee 18 | . . . . 12 6 Ram . | . . . . . . Kick . | . . . . . . Crush 11 | . . 3 8 . . Escape Stasis . | . . . . . . Rewire . | . . . . . . Trap . | . . . . . . Miscellaneous . | . . . . . . Route ------- -11/Scrapyard -10/Materials (discovered 5 exits: *Mat x3 / *Min x2) -10/Mines (discovered 2 exits: *Mat x2) -9/Materials (discovered 5 exits: [*Mat x2] / [*Min x2] / *Sto) -9/Storage -9/Garrison History --------- Turn | Location | Event 23 | -11/Scrapyard | Discovered new exit (range 15) 223 | -11/Scrapyard | Entered Materials 223 | -10/Materials | Discovered new exit (range 14) 326 | -10/Materials | Build established: Mutant 343 | -10/Materials | Discovered new exit (range 13) 612 | -10/Materials | Central database locked down 631 | -10/Materials | Discovered new exit (range 16) 955 | -10/Materials | Discovered new exit (range 13) 1160 | -10/Materials | Discovered new exit (range 16) 1311 | -10/Materials | Entered Mines 1398 | -10/Mines | Assembled infested the area 1629 | -10/Mines | Destroyed 7 combat bots 1664 | -10/Mines | Discovered new exit (range 5) 1713 | -10/Mines | Discovered new exit (range 6) 1811 | -10/Mines | Assisted by bots powering up and referring to "LRC-V3" 2418 | -10/Mines | Entered Materials 2418 | -9/Materials | Accompanied by 1 ally 2418 | -9/Materials | Evolved 2 slots: Utility x2 2419 | -9/Materials | Identified exit to Storage 2589 | -9/Materials | Discovered new exit (range 14) 3028 | -9/Materials | Discovered new exit (range 12) 3705 | -9/Materials | Discovered new exit (range 6) 3967 | -9/Materials | Discovered new exit (range 8) 4707 | -9/Materials | Entered Storage 4761 | -9/Storage | Met a pair of Derelict thieves 5097 | -9/Storage | Core integrity fell below 50% 5164 | -9/Storage | Learned location of Armory (-3) 5540 | -9/Storage | Build established: Scavenger-Mutant 5554 | -9/Storage | Assisted by bots powering up and referring to "LRC-V3" 5714 | -9/Storage | Garrison activated, responded to threat 5806 | -9/Storage | Identified exit to Garrison 5829 | -9/Storage | Entered Garrison 5829 | -9/Garrison | Accompanied by 10 allies 5846 | -9/Garrison | Build established: Commander-Mutant 5858 | -9/Garrison | Spotted B-75 Beast 5858 | -9/Garrison | Spotted B-75 Beast 5878 | -9/Garrison | Core integrity fell below 20% 5888 | -9/Garrison | Destroyed by B-75 Beast with Magnetic Acceleration Cannon Last Messages --------------- 05826_ Acquired 10 matter. LOCATION=GARRISON GOAL=ESCAPE 05859_ B-75 Beast springs to life. 05865_ Lgt. Armor Plating destroyed. 05869_ Mercenary 2c destroyed. 05871_ Imp. Treads destroyed. 05873_ Acquired 5 matter. 05875_ Mercenary 2i suffers critical hit (Meltdown). 05877_ Seismic Detector destroyed. 05881_ Hrd. Light Armor Plating destroyed. 05881_ Acquired Powered Hammer. 05882_ Lgt. Treads destroyed. 05883_ B-75 Beast suffers critical hit (Smash). 05883_ Destroyed Dynamic Insulation System. 05883_ B-75 Beast system corrupted by crushing effect. 05885_ Lgt. Treads destroyed. 05885_ Knocked back. 05888_ Cld. Ion Engine destroyed. 05888_ Critical hit (Meltdown: +330). Map ----- +----------------------------------------------------+ | ????????????????????????????????????????????????? | | ????????????????????????????????????????????????? | | ????????????????????????????????????????????????? | | ????????????????????????????????????????????????? | | ????????????????????????????????????????????????? | | ????????????????????????????????????????????????? | | ????????????????????????????????????????????????? | | ????????????????????????????????????????????????? | | ????????????????????????????????????????????????? | | ????????????????????????????????????????????????? | | ????????????????????????????????????????????????? | | ??????????????????????????????????#####?????????? | | ??????????????????????????????????# #?????????? | | ??????????????????????############# #?????????? | | ???????????????????? #?????????? | | ???????????????????? #?????????? | | ???????????????????? #?????????? | | ??????????????????????##############/##?????????? | | ???????????????????????????????????# #??????????? | | ???????????????????????????????????# #??????????? | | ???????????????????????????????????# #??????????? | | ???????????????????????????????##### ####???????? | | ???????????????????????????????# #???????? | | ????????????????????????#####??# #???????? | | ???????????????????######;BB#??# #???????? | | ????????????# #####[[[%/@BB#### " #???????? | | ?????????? ^ % BBgggggg """ """"?????? | | ????????? BBg### " #"##?????? | | ??????????########## ;%#?# #"#??????? | | ??????????????????#! ###?# "###?#??????? | | ??????????????????#! % #???#####"""?????????? | | ??????????????????##########????????###?????????? | | ????????????????????????????????????????????????? | | ????????????????????????????????????????????????? | | ????????????????????????????????????????????????? | | ????????????????????????????????????????????????? | | ????????????????????????????????????????????????? | | ????????????????????????????????????????????????? | | ????????????????????????????????????????????????? | | ????????????????????????????????????????????????? | | ????????????????????????????????????????????????? | | ????????????????????????????????????????????????? | | ????????????????????????????????????????????????? | | ????????????????????????????????????????????????? | | ????????????????????????????????????????????????? | | ????????????????????????????????????????????????? | | ????????????????????????????????????????????????? | | ????????????????????????????????????????????????? | | ????????????????????????????????????????????????? | | ????????????????????????????????????????????????? | +----------------------------------------------------+ Best States ------------- Heat Dissipation 28 Energy Generation 14 Energy Capacity 280 Matter Stores 300 Matter Capacity 300 Sight Range 16 Terrain Scan Density 10 Armor Coverage 300 Evasion (%) 40 Recoil Reduction 2 Item Schematics ----------------- None Robot Schematics ------------------ None Fabricated ------------ Nothing Alien Tech Used ----------------- None Achievements -------------- None Challenges ------------ None Game ------ Seed HoverPropulsionTearclaws Manual? 0 Play Time 00:36:20 Cumulative 242.0 hours Start 2024.08.23 @ 12:16:52 End 2024.08.23 @ 12:57:12 Sessions 1 Manual Loads 0 Difficulty Rogue Special Mode None Game No. 176 Rogue 176 Adventurer 0 Explorer 0 Win Type - Total 4 Types 4/0/0/0/0/0/0/0/0 Lore% 59 Gallery% 74 Achievement% 62 Wizard Run 0 Options --------- Layout 0 ASCII 0 Keyboard 1 Movement Numpad Keybinds 0 Fullscreen 2 Font 18/SmallcapsGlow Map View 76x50 Zoom Use 0% Tactical HUD 1 Map Filters NONE Filters NONE Steam 1 RUN: 2187b460-52dd-4013-af65-e118256c9111